TOP OF THE 1ST |
Penquannock Overrated Jeter batting - Pitching for Rio Grande Rattlesnake : RHP Alfonso Luna
|
Pitching: RHP Alfonso Luna
|
|
Batting: SHB Tim Reid
|
0-0: SINGLE (Groundball, 6D)
|
Batting: RHB Doug Brown
|
0-0: Foul Ball, location: 2F 0-1: Called Strike 0-2: Strikes out swinging
|
Batting: RHB Armando Pagán
|
0-0: Grounds into double play, 4-6-3 (Groundball, 4)
|
Top of the 1st over - 0 run(s), 1 hit(s), 0 error(s), 0 left on base; Penquannock 0 - Rio Grande 0 |
BOTTOM OF THE 1ST |
Rio Grande Rattlesnake batting - Pitching for Penquannock Overrated Jeter : RHP Richard Edwards
|
Pitching: RHP Richard Edwards
|
|
Batting: SHB William Daly
|
0-0: Called Strike 0-1: Ball 1-1: Foul Ball, location: 2F 1-2: Strikes out looking
|
Batting: RHB Iván De Jesús
|
0-0: Foul Ball, location: 2F 0-1: Ball 1-1: Ground out 5-3 (Groundball, 56S)
|
Batting: RHB Miguel Hernández
|
0-0: Ball 1-0: Ball 2-0: Called Strike 2-1: Foul Ball, location: 2F 2-2: Ball 3-2: SINGLE (Line Drive, 7S)
|
Batting: RHB Joe Courtier
|
0-0: Ball 1-0: Ball 2-0: Called Strike 2-1: Foul Ball, location: 2F 2-2: Strikes out swinging
|
Bottom of the 1st over - 0 run(s), 1 hit(s), 0 error(s), 1 left on base; Penquannock 0 - Rio Grande 0 |
TOP OF THE 2ND |
Penquannock Overrated Jeter batting - Pitching for Rio Grande Rattlesnake : RHP Alfonso Luna
|
Batting: LHB Pete Weber
|
0-0: Called Strike 0-1: Ball 1-1: Called Strike 1-2: Strikes out looking
|
Batting: LHB Tony Green
|
0-0: Ball 1-0: Ball 2-0: Foul Ball, location: 2F 2-1: Ground out 4-3 (Groundball, 6MS)
|
Batting: RHB José Velásquez
|
0-0: Ball 1-0: Ball 2-0: Foul Ball, location: 2F 2-1: Ball 3-1: Base on Balls
|
Batting: LHB Matt Reese
|
0-0: Ball 1-0: Ball 2-0: Called Strike 2-1: Foul Ball, location: 2F 2-2: Ground out 4-3 (Groundball, 34D)
|
Top of the 2nd over - 0 run(s), 0 hit(s), 0 error(s), 1 left on base; Penquannock 0 - Rio Grande 0 |
BOTTOM OF THE 2ND |
Rio Grande Rattlesnake batting - Pitching for Penquannock Overrated Jeter : RHP Richard Edwards
|
Batting: RHB Gary Thomas
|
0-0: Called Strike 0-1: Foul Ball, location: 2F 0-2: Ball 1-2: Ball 2-2: Ball 3-2: Ground out 6-3 (Groundball, 6)
|
Batting: RHB Rafael Carreón
|
0-0: Called Strike 0-1: Ball 1-1: Ball 2-1: Ground out 5-3 (Groundball, 56S)
|
Batting: RHB Liangde Que
|
0-0: SOLO HOME RUN (Flyball, 7LD), Distance : 328 ft
|
Batting: SHB Brian Moyer
|
0-0: Called Strike 0-1: Called Strike 0-2: Ball 1-2: Ball 2-2: Ball 3-2: Strikes out swinging, 2-3 out at first.
|
Bottom of the 2nd over - 1 run(s), 1 hit(s), 0 error(s), 0 left on base; Penquannock 0 - Rio Grande 1 |
TOP OF THE 3RD |
Penquannock Overrated Jeter batting - Pitching for Rio Grande Rattlesnake : RHP Alfonso Luna
|
Batting: RHB Barton Frazier
|
0-0: Foul Ball, location: 2F 0-1: Ball 1-1: SINGLE (Flyball, 6MD)
|
Batting: RHB Bernardo Enríquez
|
0-0: Fly out, F8 (Flyball, 8RS)
|
Batting: SHB Tim Reid
|
0-0: Ball 1-0: Foul Ball, location: 2F 1-1: Foul Ball, location: 2F 1-2: Foul Ball, location: 2F 1-2: Ball 2-2: Fly out, F8 (Flyball, 89M)
|
Batting: RHB Doug Brown
|
0-0: Ball 1-0: Ball 2-0: Called Strike 2-1: Foul Ball, location: 2F 2-2: Ball 3-2: Foul Ball, location: 2F 3-2: Ground out 6-3 (Groundball, 6)
|
Top of the 3rd over - 0 run(s), 1 hit(s), 0 error(s), 1 left on base; Penquannock 0 - Rio Grande 1 |
BOTTOM OF THE 3RD |
Rio Grande Rattlesnake batting - Pitching for Penquannock Overrated Jeter : RHP Richard Edwards
|
Batting: RHB Jeff Bane
|
0-0: Foul Ball, location: 2F 0-1: Ball 1-1: Ball 2-1: Foul Ball, location: 2F 2-2: Strikes out looking
|
Batting: SHB William Daly
|
0-0: Ball 1-0: Foul Ball, location: 2F 1-1: Foul Ball, location: 2F 1-2: Ball 2-2: Ball 3-2: Fly out, F7 (Flyball, 7LSF)
|
Batting: RHB Iván De Jesús
|
0-0: Ball 1-0: Foul Ball, location: 2F 1-1: Swinging Strike 1-2: Strikes out swinging
|
Bottom of the 3rd over - 0 run(s), 0 hit(s), 0 error(s), 0 left on base; Penquannock 0 - Rio Grande 1 |
TOP OF THE 4TH |
Penquannock Overrated Jeter batting - Pitching for Rio Grande Rattlesnake : RHP Alfonso Luna
|
Batting: RHB Armando Pagán
|
0-0: Ball 1-0: Ball 2-0: DOUBLE (Line Drive, 8LXD)
|
Batting: LHB Pete Weber
|
0-0: Ball 1-0: Ball 2-0: Ground out 6-3 (Groundball, 6) Armando Pagán to third
|
Batting: LHB Tony Green
|
0-0: Ball 1-0: Called Strike 1-1: Called Strike 1-2: Strikes out swinging
|
Batting: RHB José Velásquez
|
0-0: Called Strike 0-1: Foul Ball, location: 2F 0-2: Foul Ball, location: 2F 0-2: Strikes out looking
|
Top of the 4th over - 0 run(s), 1 hit(s), 0 error(s), 1 left on base; Penquannock 0 - Rio Grande 1 |
BOTTOM OF THE 4TH |
Rio Grande Rattlesnake batting - Pitching for Penquannock Overrated Jeter : RHP Richard Edwards
|
Batting: RHB Miguel Hernández
|
0-0: Called Strike 0-1: Ground out 6-3 (Groundball, 6)
|
Batting: RHB Joe Courtier
|
0-0: Foul Ball, location: 2F 0-1: Foul Ball, location: 2F 0-2: Foul Ball, location: 2F 0-2: Fly out, F6 (Popup, 6)
|
Batting: RHB Gary Thomas
|
0-0: SOLO HOME RUN (Line Drive, 7D), Distance : 378 ft
|
Batting: RHB Rafael Carreón
|
0-0: Reached on error, E4 (Groundball, 4)
|
Batting: RHB Liangde Que
|
0-0: Ball 1-0: Ground out 6-3 (Groundball, 6)
|
Bottom of the 4th over - 1 run(s), 1 hit(s), 1 error(s), 1 left on base; Penquannock 0 - Rio Grande 2 |
TOP OF THE 5TH |
Penquannock Overrated Jeter batting - Pitching for Rio Grande Rattlesnake : RHP Alfonso Luna
|
Batting: LHB Matt Reese
|
0-0: Ball 1-0: Foul Ball, location: 2F 1-1: Foul Ball, location: 2F 1-2: Ball 2-2: Ball 3-2: Base on Balls
|
Batting: RHB Barton Frazier
|
0-0: Called Strike 0-1: Ball 1-1: Foul Ball, location: 2F 1-2: Ball 2-2: Strikes out swinging
|
Batting: RHB Bernardo Enríquez
|
0-0: Ball 1-0: Called Strike 1-1: Ball 2-1: Ball 3-1: Base on Balls Matt Reese to second
|
Batting: SHB Tim Reid
|
0-0: Called Strike 0-1: Called Strike 0-2: Ball 1-2: Ball 2-2: Strikes out swinging
|
Batting: RHB Doug Brown
|
0-0: Ball 1-0: Swinging Strike 1-1: 3-RUN HOME RUN (Flyball, 8LXD), Distance : 423 ft
|
Batting: RHB Armando Pagán
|
0-0: Ball 1-0: Called Strike 1-1: Ground out 5-3 (Groundball, 56S)
|
Top of the 5th over - 3 run(s), 1 hit(s), 0 error(s), 0 left on base; Penquannock 3 - Rio Grande 2 |
BOTTOM OF THE 5TH |
Rio Grande Rattlesnake batting - Pitching for Penquannock Overrated Jeter : RHP Richard Edwards
|
Batting: SHB Brian Moyer
|
0-0: Foul Ball, location: 2F 0-1: Ball 1-1: Swinging Strike 1-2: Foul Ball, location: 2F 1-2: Fly out, F9 (Flyball, 89S)
|
Batting: RHB Jeff Bane
|
0-0: Ball 1-0: Foul Ball, location: 2F 1-1: Ball 2-1: Foul Ball, location: 2F 2-2: Ground out 4-3 (Groundball, 34)
|
Batting: SHB William Daly
|
0-0: Called Strike 0-1: Foul Ball, location: 2F 0-2: Ball 1-2: Foul Ball, location: 2F 1-2: Reached on error, E1 (Groundball, 13S)
|
Pitching: RHP Javier González
|
|
Batting: RHB Iván De Jesús
|
0-0: Ball 1-0: Ball 2-0: Swinging Strike 2-1: Called Strike 2-2: Ground out 5-3 (Groundball, 56)
|
Bottom of the 5th over - 0 run(s), 0 hit(s), 1 error(s), 1 left on base; Penquannock 3 - Rio Grande 2 |
TOP OF THE 6TH |
Penquannock Overrated Jeter batting - Pitching for Rio Grande Rattlesnake : RHP Alfonso Luna
|
Batting: LHB Pete Weber
|
0-0: Foul Ball, location: 2F 0-1: Ball 1-1: Foul Ball, location: 2F 1-2: Ball 2-2: Strikes out looking
|
Batting: LHB Tony Green
|
0-0: Ball 1-0: Called Strike 1-1: Foul Ball, location: 2F 1-2: Fly out, F5 (Popup, 5L)
|
Batting: RHB José Velásquez
|
0-0: Ball 1-0: Fly out, F8 (Line Drive, 89S)
|
Top of the 6th over - 0 run(s), 0 hit(s), 0 error(s), 0 left on base; Penquannock 3 - Rio Grande 2 |
BOTTOM OF THE 6TH |
Rio Grande Rattlesnake batting - Pitching for Penquannock Overrated Jeter : RHP Javier González
|
Batting: RHB Miguel Hernández
|
0-0: Called Strike 0-1: Foul Ball, location: 2F 0-2: Ball 1-2: Ball 2-2: Ball 3-2: Ground out 5-3 (Groundball, 56S)
|
Batting: RHB Joe Courtier
|
0-0: Ball 1-0: Called Strike 1-1: Fly out, F5 (Line Drive, 56)
|
Batting: RHB Gary Thomas
|
0-0: Ball 1-0: Foul Ball, location: 2F 1-1: Ground out 5-3 (Groundball, 5S)
|
Bottom of the 6th over - 0 run(s), 0 hit(s), 0 error(s), 0 left on base; Penquannock 3 - Rio Grande 2 |
TOP OF THE 7TH |
Penquannock Overrated Jeter batting - Pitching for Rio Grande Rattlesnake : RHP Alfonso Luna
|
Batting: LHB Matt Reese
|
0-0: Called Strike 0-1: Called Strike 0-2: Foul Ball, location: 2F 0-2: Ball 1-2: Strikes out looking
|
Pitching: RHP Frank Martin
|
|
Batting: RHB Barton Frazier
|
0-0: Ball 1-0: Called Strike 1-1: SINGLE (Groundball, 6D)
|
Batting: RHB Bernardo Enríquez
|
0-0: Ball 1-0: Foul Ball, location: 2F 1-1: Ball 2-1: Called Strike 2-2: Foul Ball, location: 2F 2-2: Strikes out swinging
|
Batting: SHB Tim Reid
|
0-0: Ball 1-0: SINGLE (Groundball, 56D) Barton Frazier to second
|
Batting: RHB Doug Brown
|
0-0: Called Strike 0-1: Swinging Strike 0-2: Ball 1-2: Strikes out looking
|
Top of the 7th over - 0 run(s), 2 hit(s), 0 error(s), 2 left on base; Penquannock 3 - Rio Grande 2 |
BOTTOM OF THE 7TH |
Rio Grande Rattlesnake batting - Pitching for Penquannock Overrated Jeter : RHP Javier González
|
Batting: RHB Rafael Carreón
|
0-0: Ball 1-0: Ball 2-0: Called Strike 2-1: Foul Ball, location: 2F 2-2: Ball 3-2: Base on Balls
|
Batting: RHB Liangde Que
|
0-0: Ball 1-0: Ball Wild Pitch! Rafael Carreón to second 2-0: SINGLE (Groundball, 6MS) (infield hit) Rafael Carreón to third
|
Pinch Hitting: LHB Claudio Rodríguez
|
0-0: Ball 1-0: Swinging Strike 1-1: Foul Ball, location: 2F 1-2: Ball 2-2: Ball 3-2: Ground out U3 (Groundball, 3L) Liangde Que to second
|
Pinch Hitting: RHB Paul Martin
|
0-0: Ball 1-0: Ball 2-0: Called Strike 2-1: Foul Ball, location: 2F 2-2: Ball 3-2: Foul Ball, location: 2F 3-2: Strikes out swinging
|
Batting: SHB William Daly
|
0-0: Foul Ball, location: 2F 0-1: Ball 1-1: Ball 2-1: Called Strike 2-2: Ball 3-2: Base on Balls
|
Pitching: RHP Joaquín Rojas
|
|
Batting: RHB Iván De Jesús
|
0-0: Ball 1-0: Ball 2-0: Ball 3-0: Base on Balls Rafael Carreón scores Liangde Que to third William Daly to second
|
Batting: RHB Miguel Hernández
|
0-0: SINGLE (Groundball, 4MD) Liangde Que scores William Daly to third Iván De Jesús to second Runner from 3rd tries for Home, SAFE, no throw
|
Batting: RHB Joe Courtier
|
0-0: Foul Ball, location: 2F 0-1: Ball 1-1: Called Strike 1-2: Ball 2-2: Ball 3-2: Foul Ball, location: 2F 3-2: Strikes out looking
|
Bottom of the 7th over - 3 run(s), 2 hit(s), 0 error(s), 2 left on base; Penquannock 3 - Rio Grande 5 |
TOP OF THE 8TH |
Penquannock Overrated Jeter batting - Pitching for Rio Grande Rattlesnake : RHP Frank Martin
|
Now at 1B: Claudio Rodríguez
|
|
Now in CF: Doug Delaney
|
|
Batting: RHB Armando Pagán
|
0-0: Ball 1-0: Foul Ball, location: 2F 1-1: Foul Ball, location: 2F 1-2: Ball 2-2: Ball 3-2: Ground out 6-3 (Groundball, 6)
|
Batting: LHB Pete Weber
|
0-0: Called Strike 0-1: SOLO HOME RUN (Flyball, 89XD), Distance : 371 ft
|
Batting: LHB Tony Green
|
0-0: Called Strike 0-1: Foul Ball, location: 2F 0-2: Strikes out swinging, 2-3 out at first.
|
Batting: RHB José Velásquez
|
0-0: Called Strike 0-1: Foul Ball, location: 2F 0-2: Ball 1-2: Reached on error, E6 (Groundball, 6)
|
Batting: LHB Matt Reese
|
0-0: Ball 1-0: Ball 2-0: Ball 3-0: Base on Balls José Velásquez to second
|
Batting: RHB Barton Frazier
|
0-0: Swinging Strike 0-1: Ground out 6-3 (Groundball, 6S)
|
Top of the 8th over - 1 run(s), 1 hit(s), 1 error(s), 2 left on base; Penquannock 4 - Rio Grande 5 |
BOTTOM OF THE 8TH |
Rio Grande Rattlesnake batting - Pitching for Penquannock Overrated Jeter : RHP Joaquín Rojas
|
Batting: RHB Gary Thomas
|
0-0: Foul Ball, location: 2F 0-1: Swinging Strike 0-2: Strikes out swinging
|
Batting: RHB Rafael Carreón
|
0-0: Called Strike 0-1: Ball 1-1: Ball 2-1: Ball 3-1: Foul Ball, location: 2F 3-2: SINGLE (Flyball, 9LM)
|
Batting: RHB Liangde Que
|
0-0: Ball 1-0: SINGLE (Line Drive, 8LS) Rafael Carreón to second
|
Batting: LHB Claudio Rodríguez
|
0-0: 3-RUN HOME RUN (Flyball, 8RXD), Distance : 407 ft
|
Batting: RHB Doug Delaney
|
0-0: Called Strike 0-1: Ball 1-1: Swinging Strike 1-2: Ball 2-2: Foul Ball, location: 2F 2-2: Strikes out swinging
|
Batting: SHB William Daly
|
0-0: Swinging Strike 0-1: Ball 1-1: Ball 2-1: Swinging Strike 2-2: Ground out 6-3 (Groundball, 6)
|
Bottom of the 8th over - 3 run(s), 3 hit(s), 0 error(s), 0 left on base; Penquannock 4 - Rio Grande 8 |
TOP OF THE 9TH |
Penquannock Overrated Jeter batting - Pitching for Rio Grande Rattlesnake : RHP Frank Martin
|
Batting: RHB Bernardo Enríquez
|
0-0: Ball 1-0: Ball 2-0: Ground out 4-3 (Groundball, 4)
|
Batting: SHB Tim Reid
|
0-0: Called Strike 0-1: SINGLE (Line Drive, 8RS)
|
Pitching: RHP Adrián Mora
|
|
Batting: RHB Doug Brown
|
0-0: Fly out, F8 (Flyball, 8LD)
|
Batting: RHB Armando Pagán
|
0-0: Ball 1-0: Fly out, F7 (Flyball, 7)
|
Top of the 9th over - 0 run(s), 1 hit(s), 0 error(s), 1 left on base; Penquannock 4 - Rio Grande 8 |
|